 Dungeon Crawl Stone Soup version 0.28-a0-519-gbfeecf2fc5 (webtiles) character file.

Game seed: 8494684940288062824

224 bande the Covered (level 6, -13/38 HPs)
             Began as a Gargoyle Fighter on Sept 23, 2021.
             Killed from afar by a steam dragon (20 damage)
             ... with a ball of steam
             ... on level 4 of the Dungeon.
             The game lasted 00:04:21 (3946 turns).

bande the Covered (Gargoyle Fighter)                Turns: 3946, Time: 00:04:21

Health: -13/38     AC: 16    Str: 20 (21) XL:     6   Next: 0%
Magic:  6/6        EV:  9    Int:  7 (8)  God:
Gold:   129        SH:  4    Dex:  8 (10) Spells: 5/5 levels left

rFire   . . .      SeeInvis .   a - +0 war axe
rCold   . . .      Faith    .   c - +0 buckler
rNeg    + . .      Spirit   .   b - +0 scale mail
rPois   ∞          Reflect  .   i - +0 helmet
rElec   +          Harm     .   q - +1 cloak
rCorr   .          Rampage  .   h - +0 pair of gloves
Will    .....                   (no boots)
Stlth   ..........              (no amulet)
HPRegen 0.12/turn               (no ring)
MPRegen 0.10/turn               (no ring)

@: no status effects
A: sickness immunity, AC +4, negative energy resistance 1, electricity
resistance, torment resistance 1, petrification resistance
a: no special abilities


You were on level 4 of the Dungeon.
You visited 1 branch of the dungeon, and saw 4 of its levels.

You collected 129 gold pieces.

Inventory:

Hand Weapons
 a - a +0 war axe (weapon)
Armour
 b - a +0 scale mail (worn)
 c - a +0 buckler (worn)
 h - a +0 pair of gloves (worn)
 i - a +0 helmet (worn)
 q - a +1 cloak (worn)
Scrolls
 e - 2 scrolls of fog {unknown}
 f - a scroll of teleportation {unknown}
 g - a scroll of amnesia {unknown}
 l - 2 scrolls of identify {unknown}
 n - a scroll of holy word {unknown}
Potions
 d - a potion of might
 j - a potion of berserk rage {unknown}
 k - a potion of degeneration
 m - a potion of resistance {unknown}
 o - a potion of curing {unknown}
 p - a potion of brilliance {unknown}


   Skills:
 + Level 3.9 Fighting
 + Level 3.8 Axes
 + Level 4.7 Armour
 + Level 3.9 Shields


You had 5 spell levels left.
You didn't know any spells.
Your spell library contained the following spells:

 Spells                   Type           Power      Damage    Failure   Level
 Ozocubu's Armour         Ice            0%         N/A       98%         3
 Metabolic Englaciation   Hex/Ice        0%         N/A       100%        5
 Simulacrum               Ice/Necr       0%         N/A       100%        6


Dungeon Overview and Level Annotations

Branches:
Dungeon (4/15)
 Temple: D:4-7

Altars:


Innate Abilities, Weirdness & Mutations

You are immune to sickness and miasma.
Your stone body is resilient. (AC +4)
You are immune to poison.
You resist negative energy. (rN+)
You are resistant to electric shocks. (rElec)
You are resistant to unholy torment.
You are immune to petrification.


Message History

q - a +1 cloak You start putting on your armour.
You continue putting on your +1 cloak. x4
You finish putting on your +1 cloak.
Done exploring.
Done exploring.
There is an open translucent door, spattered with blood here.
You see here a +4 quarterstaff of chaos.
There is a stone staircase leading down here.
You climb downwards.
You hear the hiss of flowing sand.
There is an entrance to an ossuary on this level.
Hurry and find it before the portal is buried!
The steam dragon hisses angrily.
Found 13 gold pieces and a club.
There is a stone staircase leading up here.
You barely miss the steam dragon. The steam dragon breathes steam at you.
The ball of steam hits you!
You hear a shout!
You closely miss the steam dragon.
You are engulfed in a cloud of scalding steam.
The steam dragon bites you but does no damage.
You block the steam dragon's attack.
You completely miss the steam dragon. The steam dragon breathes steam at you.
The ball of steam hits you!
* * * LOW HITPOINT WARNING * * *
You are too injured to fight recklessly!
You are too injured to fight recklessly!
You are too injured to fight recklessly!
You are too injured to fight recklessly!
Unknown command.
It was a potion of degeneration.
There was something very wrong with that liquid.
You feel weakened.
You feel dopey.
You feel clumsy.
You are engulfed in a cloud of scalding steam.
A kobold comes into view. It is wielding a +0 whip.
The steam dragon breathes steam at you. The ball of steam hits you!!
Ouch! That really hurt!
You die...

............#
)..........
........K
.......
.....###
#......#..
##D........
#.§@§......
##§..§.....
...##§§....
...§. §$...#
.....## ###..
..... . .##.
##


You could see a steam dragon (catching breath) and a kobold.

Vanquished Creatures
  A hound (D:3)
  Crazy Yiuf (D:3)
  Jessica (D:2)
  Terence (D:2)
  Robin (D:2)
  3 adders
  2 worms (D:2)
  A dart slug (D:2)
  5 ball pythons
  2 bats
  6 endoplasms
  3 giant cockroaches
  14 goblins
  7 hobgoblins
  6 jackals
  3 kobolds
  2 quokkas
  3 frilled lizards
  5 rats
67 creatures vanquished.

Notes
Turn   | Place    | Note
-------+----------+-------------------------------------------
     0 | D:1      | bande the Gargoyle Fighter began the quest for the Orb.
     0 | D:1      | Reached XP level 1. HP: 14/14 MP: 1/1
   534 | D:1      | Reached XP level 2. HP: 19/19 MP: 2/2
  1279 | D:2      | Noticed Terence
  1290 | D:2      | Killed Terence
  1291 | D:2      | Reached skill level 4 in Armour
  1291 | D:2      | Reached XP level 3. HP: 12/23 MP: 3/3
  1292 | D:2      | Noticed Robin
  1299 | D:2      | Killed Robin
  1300 | D:2      | Reached XP level 4. HP: 13/28 MP: 4/4
  1580 | D:2      | Noticed Jessica
  1587 | D:2      | Killed Jessica
  2253 | D:2      | Reached XP level 5. HP: 33/33 MP: 5/5
  3077 | D:3      | Found a faded altar of an unknown god.
  3433 | D:3      | Found a runed translucent door.
  3434 | D:3      | Noticed Crazy Yiuf
  3444 | D:3      | Killed Crazy Yiuf
  3445 | D:3      | Reached XP level 6. HP: 19/38 MP: 6/6
  3942 | D:4      | Noticed a steam dragon
  3946 | D:4      | Killed from afar by a steam dragon

Illustrated notes

Levels and vault maps discovered:
D:1:      mrwooster_arrival_statue_3, layout_basic
D:2:      layout_basic, minivault_24, uniq_robin, uniq_terence, uniq_jessica
D:3:      layout_rooms, shapermc_ecumenical_altar_notcrosses,
          uniq_crazy_yiuf_cottage
D:4:      layout_cave_pools, nicolae_ossuary_entry_monument, serial_shops,
          nicolae_shop_waterfront, hangedman_feature_mirror, uniq_sigmund

Skill      XL: |  1  2  3  4 |
---------------+-------------+-----
Axes           | 2 3 |  3.8
Armour         | 4 |  4.7
Fighting       | |  3.9
Shields        | |  3.9

Action                   |  1- 3 |  4- 6 || total
-------------------------+-------+-------++-------
Melee: War axe           |    67 |   189 ||   256
  Use: Potion            |       |     1 ||     1
Armor: Scale mail        |    27 |    96 ||   123
Dodge: Dodged            |    38 |    92 ||   130
Block: Buckler           |     8 |    54 ||    62

Table legend: (Time is in decaauts)
 A = Elapsed time spent in this place.
 B = Non-inter-level travel time spent in this place.
 C = Inter-level travel time spent in this place.
 D = Time resting spent in this place.
 E = Time spent auto-exploring this place.
 F = Levels seen in this place.
 G = Mean time per level.
                   A        B        C        D        E       F      G
               +--------+--------+--------+--------+--------+-----+--------+
         Total |   4036 |   3949 |     87 |   1002 |   2288 |   4 | 1009.0 |
       Dungeon |   4036 |   3949 |     87 |   1002 |   2288 |   4 | 1009.0 |
               +--------+--------+--------+--------+--------+-----+--------+

Top non-repeatable levels by time:
     D:2: 1693 daAuts
     D:3: 1242 daAuts
     D:1: 1096 daAuts
     D:4: 4 daAuts
